 Dungeon Crawl Stone Soup version bcrawl-1.36 (webtiles) character file.

Game seed: 695529350297406437

203812 iceDog the Ducker (level 6, -3/46 HPs)
             Began as a Demonspawn Archaeologist on Apr 18, 2022.
             Slain by an orc priest
             ... wielding a +0 morningstar
              (8 damage)
             ... on level 4 of the Dungeon.
             The game lasted 00:10:58 (3362 turns).

iceDog the Ducker (Demonspawn Archaeologist)        Turns: 3362, Time: 00:10:59

Health: -3/46      AC: 10    Str: 11    XL:     6   Next: 91%
Magic:  7/7        EV: 13    Int: 18    God:
Gold:   190        SH:  0    Dex: 11    Spells: 7/7 levels left

rFire    . . .     SeeInvis .   h - +10 dark maul {crush}
rCold    . . .     Gourm    .   (shield currently unavailable)
rNeg     . . .     Faith    .   v - +3 leather armour
rPois    .         Spirit   .   d - +2 hat
rElec    .         Reflect  .   (no cloak)
rCorr    .                      (no gloves)
MR       .....                  l - +1 pair of boots
Stlth    +++.......             (no amulet)
HPRegen  0.15/turn              (no ring)
MPRegen  0.10/turn              (no ring)

@: very slightly contaminated
A: talons 1, nightstalker 1
a: no special abilities


You were on level 4 of the Dungeon.
You were hungry.

You visited 1 branch of the dungeon, and saw 4 of its levels.

You collected 190 gold pieces.

Inventory:

Hand Weapons
 h - the +10 dark maul (weapon) {crush}
   (You acquired it on level 3 of the Dungeon)

   It will always inflict at least some extra damage.
   This minimum extra damage increases with your current reserve of magical
   power.
 w - a +0 blowgun
Missiles
 a - 130 poisoned tomahawks (quivered)
 f - 26 curare-tipped needles
Armour
 c - a +1 robe
 d - a +2 hat (worn)
 l - a +1 pair of boots (worn)
 v - a +3 leather armour (worn)
Jewellery
 s - an uncursed ring of resist corrosion {unknown}
Scrolls
 b - 2 scrolls of enchant armour
 g - 2 scrolls of magic mapping
 i - 2 scrolls of identify
 m - a scroll of fog
 y - a scroll of remove curse {unknown}
Potions
 j - 2 potions of lignification {unknown}
 p - a potion of ambrosia {unknown}
 q - a potion of haste {unknown}
 t - 2 potions of resistance {unknown}
 x - a potion of agility {unknown}
Comestibles
 e - 7 rations {!d}
 k - 4 chunks of flesh


   Skills:
 + Level 2.9 Fighting
   Level 1.2 Short Blades
 * Level 3.6 Maces & Flails
 + Level 2.4 Armour
 + Level 4.1 Dodging
 - Level 3.0 Stealth
 + Level 1.1 Spellcasting


You had 7 spell levels left.
You didn't know any spells.
Your spell library was empty.

Dungeon Overview and Level Annotations

Branches:
Dungeon (4/12)
 Temple: D:4-7

Altars:


Innate Abilities, Weirdness & Mutations

You have sharp toenails.
You are slightly more attuned to the shadows.


Message History

Things that are here:
a +0 hand axe; an orc corpse You bludgeon the hound skeleton!!
You destroy the hound skeleton!
The orc priest calls down the wrath of Beogh upon you.
Beogh smites you!
The orc priest hits you but does no damage.
You are too injured to fight recklessly!
You are feeling hungry.
You bludgeon the orc priest!!
You kill the orc priest!
The orc completely misses you. The orc closely misses you.
The orc priest calls down the wrath of Beogh upon you.
Beogh smites you!
* * * LOW HITPOINT WARNING * * *
The orc hits you with a +0 whip.
* * * LOW HITPOINT WARNING * * *
You barely miss the orc priest.
The orc priest hits you with a +0 morningstar!
You die...

#......
#...... #.
.# #......
##.### .# #
#......
...... .#.#
#......
......#.#.#
#######
..........#
.....)oo..#
#+#@...#
#......#
##.....#
#...###
##..# #..#
#.>. ####


You could see an orc priest and an orc.

Vanquished Creatures
  Sigmund (D:3)
  2 orc priests (D:4)
  A hound (D:3)
  An orc wizard (D:3)
  A worker ant (D:3)
  A hound skeleton (D:4)
  7 adders
  2 worms
  A dart slug (D:2)
  2 leopard geckos
  11 orcs
  2 ball pythons
  7 bats
  2 giant cockroaches (D:2)
  4 goblins
  10 hobgoblins
  7 kobolds
  2 rats (D:2)
64 creatures vanquished.

Vanquished Creatures (others)
  An orc wizard (D:3)
1 creature vanquished.

Grand Total: 65 creatures vanquished

Notes
Turn   | Place    | Note
-------+----------+-------------------------------------------
     0 | D:1      | iceDog the Demonspawn Archaeologist began the quest for the
                  | Orb.
     0 | D:1      | Reached XP level 1. HP: 15/15 MP: 1/1
   203 | D:1      | Reached skill level 1 in Maces & Flails
   623 | D:1      | Reached skill level 3 in Dodging
   623 | D:1      | Gained mutation: You have sharp toenails. [demonic
                  | ancestry]
   623 | D:1      | Reached XP level 2. HP: 21/21 MP: 2/2
  1352 | D:2      | Reached XP level 3. HP: 13/26 MP: 3/3
  1531 | D:2      | Reached skill level 1 in Armour
  2030 | D:3      | Reached skill level 1 in Short Blades
  2030 | D:3      | Gained mutation: You are slightly more attuned to the
                  | shadows. [demonic ancestry]
  2030 | D:3      | Reached XP level 4. HP: 19/32 MP: 4/4
  2841 | D:3      | Reached XP level 5. HP: 36/38 MP: 5/5
  2841 | D:3      | Identified a scroll of acquirement
  2846 | D:3      | Noticed Sigmund
  2854 | D:3      | Killed Sigmund
  2855 | D:3      | Reached XP level 6. HP: 28/46 MP: 6/6
  3134 | D:3      | Reached skill level 4 in Dodging
  3203 | D:3      | Identified the +0 helmet of the Volcano {MR+} (You acquired
                  | it on level 3 of the Dungeon)
  3204 | D:3      | Found the +10 dark maul {crush}
  3359 | D:4      | Reached skill level 1 in Spellcasting
  3362 | D:4      | Slain by an orc priest

Skill      XL: |  1  2  3  4  5  6 |
---------------+-------------------+-----
Maces & Flails | 1 2 3 |  3.6
Dodging        | 3 4 |  4.1
Armour         | 1 2 |  2.4
Short Blades   | 1 |  1.2
Fighting       | 2 |  2.9
Spellcasting   | 1 |  1.1
Stealth        | |  3.0

Action                   |  1- 3 |  4- 6 || total
-------------------------+-------+-------++-------
Melee: Whip              |    26 |       ||    26
       Short sword       |   143 |     6 ||   149
       Mace              |       |    87 ||    87
       Maul              |       |     9 ||     9
 Fire: Blowgun           |       |     9 ||     9
Throw: Tomahawk          |       |    23 ||    23
  Use: Scroll            |       |     7 ||     7
 Stab: Sleeping          |     6 |     2 ||     8
  Eat: Chunk             |     4 |     9 ||    13
       Ration            |     1 |       ||     1
Armor: Robe              |    51 |    16 ||    67
       Leather armour    |       |    30 ||    30
Dodge: Dodged            |   115 |    96 ||   211
